Map: Apotheosis LE

Players

Ravenacek - Winner!

  • Race: Protoss Protoss
  • League: Silver

Gracz

  • Race: Protoss Protoss
  • League: Silver

VOD

Have the link to the VOD?

Description

Time

  • Played on: Oct. 12, 2016, 1:57 p.m.
  • Length: 9:21
Show
View Real Time Build Order
Export as new Build Order

Ravenacek Protoss - Winner!

Build Orders:  

Get SALT Encoding   

  12  0:02  Probe (Chrono Boost)  
  13  0:13  Probe (Chrono Boost)  
  14  0:23  Probe (Chrono Boost)  
  14  0:27  Pylon  
  15  0:50  Gateway  
  15  0:54  Gateway  
  15  1:16  Assimilator  
  14  1:22  Pylon, Probe (Chrono Boost)  
  15  1:32  Probe (Chrono Boost)  
  16  1:36  Gateway  
  16  1:43  Probe (Chrono Boost)  
  16  1:45  Cybernetics Core  
  17  1:53  Probe (Chrono Boost)  
  18  2:01  Zealot  
  18  2:04  Probe (Chrono Boost), Zealot  
  23  2:10  Warp Gate  
  23  2:17  Gateway  
  23  2:25  Probe (Chrono Boost)  
  25  2:37  Assimilator, Probe (Chrono Boost)  
  25  2:40  Stalker  
  27  2:52  Pylon  
  27  2:55  Stalker  
  29  3:01  Zealot  
  31  3:14  Stalker  
  31  3:16  Zealot  
  35  3:24  Pylon  
  35  3:32  Probe (Chrono Boost)  
  36  3:37  Stalker  
  38  3:44  Probe (Chrono Boost)  
  38  3:47  Pylon  
  39  3:52  Stalker  
  41  4:32  Stalker  
  41  4:33  Stalker x2  
  41  4:34  Stalker  
  49  4:53  Pylon  
  42  5:41  Stalker x3  
  42  5:42  Stalker  
  42  6:28  Stalker x3  
  42  6:29  Stalker  
  50  6:53  Stalker  
  50  6:54  Stalker  
  50  7:35  Nexus  
  50  7:36  Pylon  
  50  7:38  Pylon  
  50  7:40  Pylon  
  42  8:01  Stalker  
  42  8:02  Stalker x3  
  36  8:46  Stalker x3  
  36  8:47  Stalker  
  42  9:11  Stalker x2  
  42  9:12  Stalker x2  
Show
View Real Time Build Order
Export as new Build Order

Gracz Protoss 

Build Orders: 1 Gate Expand 

Get SALT Encoding   

  12  0:01  Probe (Chrono Boost)  
  13  0:14  Pylon  
  13  0:25  Probe (Chrono Boost)  
  14  0:29  Assimilator  
  14  0:36  Probe (Chrono Boost)  
  15  0:46  Probe (Chrono Boost)  
  16  0:54  Gateway  
  16  1:30  Nexus  
  16  1:34  Probe (Chrono Boost)  
  17  1:54  Cybernetics Core  
  17  2:02  Pylon  
  17  2:12  Gateway  
  17  2:20  Gateway  
  17  2:25  Warp Gate  
  17  2:29  Assimilator  
  18  2:30  Probe (Chrono Boost)  
  20  2:44  Probe (Chrono Boost)  
  20  2:45  Probe (Chrono Boost)  
  20  2:54  Probe (Chrono Boost)  
  20  2:58  Stalker, Probe (Chrono Boost)  
  22  3:04  Sentry  
  22  3:05  Probe (Chrono Boost)  
  28  3:13  Probe (Chrono Boost)  
  28  3:15  Probe (Chrono Boost)  
  29  3:23  Stalker  
  29  3:25  Probe (Chrono Boost)  
  30  3:32  Stalker  
  34  3:36  Probe (Chrono Boost)  
  34  3:37  Probe (Chrono Boost)  
  36  3:46  Probe (Chrono Boost)  
  39  3:50  Pylon  
  39  3:51  Mothership Core (Chrono Boost)  
  39  4:05  Robotics Facility  
  39  4:08  Stalker  
  41  4:20  Gateway  
  41  4:21  Gateway  
  41  4:32  Stalker x2  
  41  4:36  Probe (Chrono Boost)  
  41  4:38  Probe (Chrono Boost)  
  47  4:47  Probe (Chrono Boost)  
  47  4:50  Stalker, Probe (Chrono Boost)  
  51  4:57  Probe (Chrono Boost)  
  52  5:06  Sentry  
  54  5:12  Pylon  
  44  5:31  Stalker x3  
  48  5:47  Assimilator  
  46  5:50  Assimilator  
  46  5:51  Stalker  
  46  5:52  Stalker x2  
  36  6:24  Stalker  
  36  6:36  Stalker x3  
  36  6:58  Pylon  
  27  7:10  Pylon  
  27  7:14  Pylon  
  26  7:19  Stalker x2  
  11  7:32  Stalker  
  10  7:38  Zealot  
  9  7:46  Zealot x2  
  9  7:47  Zealot  
  11  7:59  Stalker x2  
  9  8:07  Zealot x3  
  9  8:19  Zealot  
  7  8:25  Zealot  
  7  8:31  Zealot  
Tags
 
Add a new tag
Caveats
  • Supply blocks, unpowered buildings, or Contaminate may cause inaccurate times.
  • Supply counts are checked every 10 seconds.